 Dungeon Sprint DCSS version 0.31-a0-965-g8a8ce12e04 (webtiles) character file.

Game seed: 11400109112082614649

973 rocky1 the Unseen (level 8, -6/78 HPs)
             Began as a Gargoyle Brigand on Oct 27, 2023.
             Was an Initiate of Cheibriados.
             Mangled by a deep troll (12 damage)
             ... in the Dungeon (Sprint I: "Red Sonja").
             The game lasted 00:02:16 (568 turns).

rocky1 the Unseen (Gargoyle Brigand)                 Turns: 568, Time: 00:02:17

Health: -6/78      AC:  9    Str: 18    XL:     8   Next: 16%
Magic:  10/10      EV: 12    Int: 13    God:    Cheibriados [......]
Gold:   617        SH:  0    Dex: 12    Spells: 7/7 levels left

rFire   . . .        m - +0 short sword (drain)
rCold   . . .        (no shield)
rNeg    + . .        b - +0 robe
rPois   ∞            (no helmet)
rElec   +            c - +0 cloak
rCorr   .            (no gloves)
SInv    .            n - +0 pair of boots
Will    .....        (no amulet) Stlth
                     (no ring)
HPRegen 0.33/turn    (no ring)
MPRegen 0.12/turn

%: no teleportation
@: berserking, very slow
A: sickness immunity, AC +5, negative energy resistance 1, electricity
resistance, torment resistance 1, petrification resistance
a: Renounce Religion


You were in the Dungeon.
You worshipped Cheibriados.
Cheibriados was noncommittal.
You visited 1 branch You collected 617 gold pieces.

Inventory:

Hand Weapons
 a - a +2 dagger
 m - a +0 short sword of draining (weapon)
Missiles
 d - 9 poisoned darts
 l - 6 curare-tipped darts (quivered)
Armour
 b - a +0 robe (worn)
 c - a +0 cloak (worn)
 n - a +0 pair of boots (worn)
Wands
 e - a wand of charming (5)
Scrolls
 k - a scroll of blinking
Potions
 f - 3 potions of curing
 g - a potion of heal wounds
 h - a potion of haste
 i - 2 potions of magic


   Skills:
 + Level 6.3 Fighting
 + Level 5.6 Short Blades
 - Level 5.1 Throwing
 + Level 1.3 Dodging
 * Level 16.7 Stealth
 * Level 3.5 Invocations


You had 7 spell levels left.
You didn't know any spells.
Your spell library was empty.

Dungeon Overview and Level Annotations

Branches:
Dungeon (1/1)

Altars:
Cheibriados
Dithmenos
Elyvilon
Fedhas
Gozag
Hepliaklqana
Kikubaaqudgha
Nemelex Xobeh
Okawaru
Qazlal
Ru
Sif Muna
Trog
Uskayaw
Vehumet
Wu Jian
Yredelemnul
Zin
The Shining One

Shops:
D !!


Innate Abilities, Weirdness & Mutations

You are immune to sickness and miasma.
Your stone body is resilient. (AC +5)
You are immune to poison.
You resist negative energy. (rN+)
You are resistant to electric shocks. (rElec)
You are resistant to unholy torment.
You are immune to petrification.


Message History

You see here 27 gold pieces.
Unknown command.
A red film seems to cover your vision as you go berserk!
Cheibriados forces you to slow down.
You feel mighty! The deep troll closely misses you. x2
The deep troll claws you!
You hit the deep troll.
The deep troll is lightly wounded.
The deep troll bites you but does no damage.
The deep troll claws you. The deep troll barely misses you.
You puncture the deep troll!
The deep troll is moderately wounded.
The deep troll bites you but does no damage.
The deep troll claws you! x2
* * * LOW HITPOINT WARNING * * *
You hit the deep troll but do no damage.
You drain the deep troll.
The deep troll is moderately wounded.
The deep troll bites you.
* * * LOW HITPOINT WARNING * * *
The deep troll completely misses you. The deep troll claws you.
* * * LOW HITPOINT WARNING * * *
You closely miss the deep troll.
The deep troll is moderately wounded.
You hit the deep troll but do no damage.
You drain the deep troll.
The deep troll is moderately wounded.
The deep troll barely misses you. The deep troll claws you!
* * * LOW HITPOINT WARNING * * *
The deep troll claws you but does no damage.
You puncture the deep troll! You drain the deep troll.
The deep troll is heavily wounded.
The deep troll bites you but does no damage.
The deep troll completely misses you. The deep troll barely misses you.
You hit the deep troll. You drain the deep troll.
The deep troll is severely wounded.
You hit the deep troll.
The deep troll is severely wounded.
The deep troll bites you!
You die...

#..#####'#####'#
#..####..#...#.#
#..#__####..##)#
#..#_____##'#_.+
#⌠⌠#_.∩..†'..._#
####_..__##_.#'#
#_____###'#(#
############.####+###
#∩........'...'@T.$$+
###++++####...#######
###.### #.#'#.#
#.....# #...).#
#######


You could see a deep troll (drained).

Vanquished Creatures
  Sonja (D)
  Sigmund (D)
  A yak (D)
  An ogre (D)
  A jelly (D)
  Ijyb (D)
6 creatures vanquished.

Vanquished Creatures (others)
  2 ballistomycete spores (D)
2 creatures vanquished.

Grand Total: 8 creatures vanquished

Notes
Turn   | Place    | Note
-------+----------+-------------------------------------------
     0 | D        | rocky1 the Gargoyle Brigand began the quest for the Orb.
     0 | D        | Reached XP level 1. HP: 12/12 MP: 1/1
     2 | D        | Noticed Ijyb
    10 | D        | Killed Ijyb
    11 | D        | Reached skill level 7 in Stealth
    11 | D        | Reached XP level 2. HP: 9/18 MP: 2/2
    11 | D        | Reached XP level 3. HP: 11/22 MP: 3/3
   157 | D        | Noticed an ogre
   167 | D        | Killed an ogre
   168 | D        | Reached skill level 1 in Dodging
   168 | D        | Reached skill level 9 in Stealth
   168 | D        | Reached XP level 4. HP: 25/29 MP: 4/4
   394 | D        | Noticed Sigmund
   397 | D        | Killed Sigmund
   398 | D        | Reached skill level 12 in Stealth
   398 | D        | Reached XP level 5. HP: 34/34 MP: 5/5
   398 | D        | Reached XP level 6. HP: 40/40 MP: 6/6
   411 | D        | Found an ornate altar of the Wu Jian Council.
   411 | D        | Found a shimmering blue altar of Sif Muna.
   413 | D        | Found a radiant altar of Vehumet.
   418 | D        | Reached skill level 5 in Fighting
   445 | D        | Found Zain Dyasm's Distillery.
   445 | D        | Found an ancient bone altar of Kikubaaqudgha.
   445 | D        | Found a hazy altar of Hepliaklqana.
   445 | D        | Found a stormy altar of Qazlal.
   445 | D        | Found a hide-covered altar of Uskayaw.
   445 | D        | Found a blossoming altar of Fedhas.
   445 | D        | Found a bloodstained altar of Trog.
   445 | D        | Found an iron altar of Okawaru.
   445 | D        | Found a basalt altar of Yredelemnul.
   445 | D        | Found a glowing golden altar of the Shining One.
   445 | D        | Found a snail-covered altar of Cheibriados.
   445 | D        | Found a sacrificial altar of Ru.
   445 | D        | Found a glowing silver altar of Zin.
   445 | D        | Found a shadowy altar of Dithmenos.
   445 | D        | Found a white marble altar of Elyvilon.
   445 | D        | Noticed a yak
   446 | D        | Found an opulent altar of Gozag.
   447 | D        | Killed a yak
   448 | D        | Reached skill level 5 in Short Blades
   448 | D        | Reached skill level 5 in Throwing
   448 | D        | Reached skill level 13 in Stealth
   448 | D        | Reached XP level 7. HP: 45/45 MP: 7/7
   448 | D        | Found a sparkling altar of Nemelex Xobeh.
   454 | D        | Became a worshipper of Cheibriados the Contemplative
   473 | D        | Noticed Sonja
   477 | D        | Killed Sonja
   478 | D        | Reached skill level 16 in Stealth
   478 | D        | Reached XP level 8. HP: 52/52 MP: 7/10
   497 | D        | Found Somulay's Distillery.
   557 | D        | Noticed a deep troll
   568 | D        | Mangled by a deep troll

Illustrated notes

Levels and vault maps discovered:
D:        dungeon_sprint_1 [red_sonja_temple_1, red_sonja_temple_small_1]

Skill      XL: |  1  2  3  4  5  6  7 |
---------------+----------------------+-----
Short Blades   | 2 3 4 5 |  5.6
Throwing       | 2 3 4 5 |  5.1
Stealth        | 7 9 12 13 16 | 16.7
Fighting       | 3 4 5 6 |  6.3
Dodging        | 1 |  1.3
Invocations    | 3 |  3.5

Action                     |  1- 3 |  4- 6 |  7- 9 || total
---------------------------+-------+-------+-------++-------
  Melee: Dagger            |    13 |     3 |     1 ||    17
         Short sword       |       |       |     8 ||     8
  Throw: Dart              |     4 |       |       ||     4
    Use: Potion            |       |       |     1 ||     1
   Stab: Sleeping          |       |     3 |     1 ||     4
 Armour: Robe              |     3 |       |    16 ||    19
  Dodge: Dodged            |     2 |       |     7 ||     9

Table legend: (Time is in decaauts)
 A = Elapsed time spent in this place.
 B = Non-inter-level travel time spent in this place.
 C = Inter-level travel time spent in this place.
 D = Time resting spent in this place.
 E = Time spent auto-exploring this place.
 F = Levels seen in this place.
 G = Mean time per level.
                   A        B        C        D        E       F      G
               +--------+--------+--------+--------+--------+-----+--------+
         Total |    585 |    585 |      0 |    348 |      0 |   1 |  585.0 |
       Dungeon |    585 |    585 |      0 |    348 |      0 |   1 |  585.0 |
               +--------+--------+--------+--------+--------+-----+--------+

Top non-repeatable levels by time:
       D: 585 daAuts
